 Dungeon Crawl Stone Soup version 0.19-a0-1170-g18f0c96 (webtiles) character file.

82 epen the Poker (level 4, -3/35 HPs)
             Began as a Merfolk Monk on Aug 16, 2016.
             Slain by a hobgoblin (6 damage)
             ... led by Robin
             ... on level 2 of the Dungeon.
             The game lasted 00:02:09 (1572 turns).

epen the Poker (Merfolk Monk)                       Turns: 1572, Time: 00:02:10

Health: -3/35      AC:  3    Str: 12    XL:     4   Next: 43%
Magic:  4/4        EV: 15    Int:  9    God:
Gold:   74         SH:  0    Dex: 16    Spells: 0 memorised, 3 levels left

rFire  . . .     SeeInvis .     a - +0 spear
rCold  . . .     Gourm    .     b - +0 robe
rNeg   . . .     Faith    .     (no shield)
rPois  .         Spirit   .     j - +0 helmet
rElec  .         Dismiss  .     (no cloak)
rCorr  .         Reflect  .     (no gloves)
MR     .....     Harm     .     (no boots)
Stlth  ++........               (no amulet)
                                (no ring)
                                (no ring)

@: no status effects
A: change form in water, swift swim
a: no special abilities


You were on level 2 of the Dungeon.
You were very hungry.

You visited 1 branch of the dungeon, and saw 2 of its levels.

You collected 74 gold pieces.

Inventory:

Hand Weapons
 a - a +0 spear (weapon)
Armour
 b - a +0 robe (worn)
 j - a +0 helmet (worn)
Wands
 l - a wand of iceblast (7/15)
Scrolls
 d - 3 scrolls of identify {unknown}
 f - 2 scrolls of recharging {unknown}
 i - a scroll of fear {unknown}
Potions
 e - 2 potions of curing
 h - a potion of resistance {unknown}
Comestibles
 c - a bread ration
 g - a royal jelly
 k - a meat ration


   Skills:
 + Level 3.5 Fighting
 + Level 5.1 Polearms
 * Level 2.0 Armour
 + Level 4.5 Dodging
 - Level 2.1 Stealth


You had 3 spell levels left.
You didn't know any spells.

Dungeon Overview and Level Annotations

Branches:
Dungeon (2/15)

Altars:
Kikubaaqudgha

Annotations:
D:2 Sigmund


Message History

You hit Robin.
You kill Robin!
The hobgoblin completely misses you. The goblin misses you.
The goblin shoots a stone.
The stone hits you.
* * * LOW HITPOINT WARNING * * *
You are too injured to fight recklessly!
You closely miss the hobgoblin. The hobgoblin hits you.
* * * LOW HITPOINT WARNING * * *
The goblin barely misses you.
You hit the hobgoblin.
The hobgoblin is almost dead.
The goblin shoots a stone.
The stone misses you. The hobgoblin barely misses you. The goblin hits you.
* * * LOW HITPOINT WARNING * * *
You hit the hobgoblin but do no damage.
The hobgoblin is almost dead.
The hobgoblin no longer looks unusually strong.
The goblin shoots a stone.
The stone hits you but does no damage. The hobgoblin hits you.
You die...

....... .... #
.....## #.###### #
. ..#..# #......###
#
....#..###..###...#
# ............#
###.## #
....#.#.....##
#..## # . #
##.........# ##
#.........# #
#####.....g...# #


You could see a worm, 2 hobgoblins and 2 goblins.

Vanquished Creatures
  Robin (D:2)
  3 adders (D:2)
  An ooze (D:2)
  2 giant geckos (D:1)
  4 bats
  3 giant cockroaches
  7 goblins
  3 hobgoblins
  4 jackals (D:1)
  A ball python (D:2)
  2 giant newts
  3 kobolds
  4 rats
38 creatures vanquished.

Notes
Turn   | Place    | Note
-------+----------+-------------------------------------------
     0 | D:1      | epen the Merfolk Monk began the quest for the Orb.
     0 | D:1      | Reached XP level 1. HP: 18/18 MP: 1/1
   154 | D:1      | Reached XP level 2. HP: 24/24 MP: 2/2
   385 | D:1      | Reached skill level 1 in Armour
   783 | D:2      | Noticed Sigmund
   829 | D:1      | Reached XP level 3. HP: 13/29 MP: 3/3
  1397 | D:2      | Reached XP level 4. HP: 29/35 MP: 4/4
  1419 | D:2      | Found an ancient bone altar of Kikubaaqudgha.
  1420 | D:2      | Noticed Robin
  1444 | D:2      | Reached skill level 5 in Polearms
  1569 | D:2      | Killed Robin
  1572 | D:2      | Slain by a hobgoblin

Vault maps used:
D:1:      dpeg_arrival_connections
D:2:      lightli_temple_of_fire, lemuel_round_altar, minmay_misc_feat_iff,
          bloody_makhleb, uniq_robin, uniq_sigmund, uniq_jessica

Skill      XL: |  1  2  3  4 |
---------------+-------------+-----
Armour         | 1 2 |  2.0
Polearms       | 5 |  5.1
Fighting       | |  3.5
Dodging        | |  4.5
Stealth        | |  2.1

Action                   |  1- 3 |  4- 6 || total
-------------------------+-------+-------++-------
Melee: Spear             |   141 |    50 ||   191
  Use: Potion            |     2 |       ||     2
 Stab: Sleeping          |     6 |       ||     6
  Eat: Chunk             |       |     1 ||     1
Armor: Robe              |    28 |     7 ||    35
Dodge: Dodged            |   113 |    53 ||   166
